 Dungeon Crawl Stone Soup version 0.25-a0-869-g05d4e06a41 (webtiles) character file.

Game seed: 6454131362558450217, levelgen mode: deterministic

894 Maedhros the Martial Artist (level 8, 0/48 HPs)
             Began as an Octopode Artificer on May 1, 2020.
             Was a Believer of Cheibriados.
             Slain by a two-headed ogre
             ... wielding a +0 giant club
              (22 damage)
             ... on level 9 of the Dungeon.
             The game lasted 00:11:19 (3036 turns).

Maedhros the Martial Artist (Octopode Artificer)    Turns: 3036, Time: 00:11:20

Health: 0/48       AC:  1    Str: 18    XL:     8   Next: 6%
Magic:  10/10      EV: 14    Int: 19    God:    Cheibriados [**....]
Gold:   245        SH:  0    Dex: 21    Spells: 7/7 levels left

rFire    . . .     SeeInvis .   w - +4 spear of Chance {vorpal, Dex+2 Stlth+}
rCold    . . .     Gourm    .   (no shield)
rNeg     . . .     Faith    .   (helmet restricted)
rPois    .         Spirit   .   q - amulet of magic regeneration
rElec    .         Reflect  .   e - +3 ring of strength
rCorr    .         Harm     .   p - +2 ring of intelligence
MR       .....                  (no ring)
Stlth    +++++.....             (no ring)
HPRegen  0.16/turn              (no ring)
MPRegen  0.37/turn              (no ring)
                                (no ring)
                                (no ring)

@: very slow
A: almost no armour, stealthy swim, amphibious, 8 rings, constrict 8, camouflage
1, gelatinous body 1
a: Bend Time, Renounce Religion


You were on level 9 of the Dungeon.
You worshipped Cheibriados.
Cheibriados was pleased with you.
You were not hungry.

You visited 1 branch of the dungeon, and saw 8 of its levels.

You collected 245 gold pieces.

Inventory:

Hand Weapons
 a - a +0 short sword
 k - a +1 spear of venom
 l - a +0 hunting sling
 w - the +4 spear of Chance (weapon) {vorpal, Dex+2 Stlth+}
   (You found it on level 6 of the Dungeon)

   It inflicts extra damage upon your enemies.
   It affects your dexterity (+2).
   It makes you more stealthy.
Missiles
 m - 175 stones (quivered)
 y - 3 javelins
Jewellery
 e - a +3 ring of strength (left tentacle)
 p - a +2 ring of intelligence (right tentacle)
 q - an amulet of magic regeneration (around mantle)
 v - an uncursed ring of teleportation
Wands
 b - a wand of flame (41)
 c - a wand of enslavement (9)
 d - a wand of random effects (10)
 u - a wand of paralysis (8)
Scrolls
 h - 5 scrolls of teleportation
 i - 3 scrolls of remove curse
 n - 3 scrolls of magic mapping {unknown}
 o - 2 scrolls of fear {unknown}
 r - 2 scrolls of blinking {unknown}
 t - 2 scrolls of amnesia {unknown}
Potions
 g - 2 potions of curing
 j - 2 potions of stabbing
 s - a potion of might
 x - a potion of brilliance {unknown}
 z - a potion of haste {unknown}
Comestibles
 f - 8 rations


   Skills:
 - Level 1.0 Fighting
 - Level 1.0 Short Blades
 - Level 2.0 Dodging
 - Level 4.0 Stealth
 + Level 8.1 Unarmed Combat
 + Level 3.9 Evocations


You had 7 spell levels left.
You didn't know any spells.
Your spell library was empty.

Dungeon Overview and Level Annotations

Branches:
Dungeon (7/15)             Temple (0/1) D:7

Altars:
Ashenzari
Cheibriados
Elyvilon
Hepliaklqana
Trog

Shops:
D:5 =   D:6 *

Annotations:
D:6 1 runed translucent door, monokles's ghost, novice GrFi


Innate Abilities, Weirdness & Mutations

You cannot wear most types of armour.
You are very stealthy in the water. (Stealth+)
You are amphibious.
You can wear up to eight rings at the same time.
You can use your tentacles to constrict eight enemies at once.
Your skin changes colour to match your surroundings (Stealth+).
Your rubbery body absorbs attacks. (AC +1, EV +1)


Message History

You swap places.
The two-headed ogre hits your iguana but does no damage.
The two-headed ogre hits your iguana with a +0 giant club!
The orc hits your iguana with a +0 falchion.
Your iguana dies!
The orc looks more experienced.
Evoke which item? (* to show all) (? for menu, Esc to quit)
Aiming: Enslavement
Press: ? - help, Shift-Dir - straight line, f - two-headed ogre
Aim: a two-headed ogre, wielding two +0 giant clubs (chance to defeat MR: 39%)
The two-headed ogre resists with some effort.
Evoke which item? (* to show all) (? for menu, Esc to quit)
Aiming: Enslavement
Press: ? - help, Shift-Dir - straight line, f - orc
Aim: an orc (chance to defeat MR: 73%)
The two-headed ogre resists with some effort.
Cheibriados appreciates the change of pace.
You feel a bit more experienced. The two-headed ogre barely misses you.
The two-headed ogre hits you with a +0 giant club!!
You die...

#######
##.....##
##..@....##
#..oOo?...#
#...o.....#
#.....o....(..
#.#......$..##
.. #...o.....#
# ##.......##
..)......
#..o......#


You could see a two-headed ogre, an orc warrior and 4 orcs.

Vanquished Creatures
  A phantom (D:4)
  3 ogres
  A bullfrog (D:6)
  A scorpion (D:4)
  2 crimson imps
  A hound (D:6)
  An orc priest (D:7)
  A bullfrog skeleton (D:7)
  3 worker ants
  A worker ant zombie (D:7)
  3 adders
  2 oozes
  An adder zombie (D:7)
  An adder skeleton (D:6)
  2 worms
  2 dart slugs
  5 leopard geckos
  23 orcs
  4 giant cockroaches
  6 goblins
  5 hobgoblins (D:1)
  11 jackals
  5 kobolds
  2 quokkas
  3 ball pythons
  3 bats
  4 frilled lizards
  4 rats
  2 plants (D:3)
103 creatures vanquished.

Vanquished Creatures (collateral kills)
  2 orc wizards (D:9)
  A hound skeleton (D:5)
3 creatures vanquished.

Vanquished Creatures (others)
  A vampire mosquito (D:9)
  An iguana (D:9)
  2 withered plants (D:6)
4 creatures vanquished.

Grand Total: 110 creatures vanquished

Notes
Turn   | Place    | Note
-------+----------+-------------------------------------------
     0 | D:1      | Maedhros the Octopode Artificer began the quest for the
                  | Orb.
     0 | D:1      | Reached XP level 1. HP: 13/13 MP: 3/3
   115 | D:1      | Reached XP level 2. HP: 6/18 MP: 4/4
   271 | D:2      | Found a white marble altar of Elyvilon.
   333 | D:4      | Noticed a phantom
   333 | D:4      | Noticed an ogre
   531 | D:4      | Reached skill level 1 in Unarmed Combat
   531 | D:4      | Reached XP level 3. HP: 18/23 MP: 5/5
   587 | D:5      | Entered Level 5 of the Dungeon
   637 | D:5      | Reached skill level 2 in Unarmed Combat
   637 | D:5      | Reached XP level 4. HP: 8/28 MP: 6/6
   686 | D:5      | Found a hazy altar of Hepliaklqana.
   692 | D:5      | Found a shattered altar of Ashenzari.
   700 | D:5      | Found a bloodstained altar of Trog.
   783 | D:5      | Reached skill level 3 in Unarmed Combat
   794 | D:5      | Found Osuafel's Jewellery Shoppe.
   833 | D:5      | Noticed a phantom
   868 | D:4      | Reached XP level 5. HP: 14/33 MP: 7/7
   927 | D:4      | Noticed a phantom
   957 | D:4      | Killed a phantom
   957 | D:4      | Reached skill level 4 in Unarmed Combat
   957 | D:4      | Reached XP level 6. HP: 28/38 MP: 8/8
  1032 | D:4      | Reached skill level 5 in Unarmed Combat
  1350 | D:6      | Found a runed translucent door.
  1350 | D:6      | Noticed monokles's ghost (novice GrFi)
  1405 | D:6      | Reached skill level 6 in Unarmed Combat
  1405 | D:6      | Reached XP level 7. HP: 43/43 MP: 9/9
  1449 | D:6      | Found Buxtesy's Mass Market.
  1479 | D:6      | Found a snail-covered altar of Cheibriados.
  1486 | D:6      | Became a worshipper of Cheibriados the Contemplative
  2087 | D:2      | Reached * piety under Cheibriados
  2529 | D:4      | Reached skill level 7 in Unarmed Combat
  2680 | D:6      | Got an iridescent spear
  2681 | D:6      | Identified the +4 spear of Chance {vorpal, Dex+2 Stlth+}
                  | (You found it on level 6 of the Dungeon)
  2857 | D:7      | Found a staircase to the Ecumenical Temple.
  2898 | D:7      | Reached ** piety under Cheibriados
  2926 | D:7      | Reached skill level 8 in Unarmed Combat
  2962 | D:7      | Reached XP level 8. HP: 41/48 MP: 10/10
  3022 | D:7      | You fall into a shaft and drop 2 floors!
  3025 | D:9      | Noticed a seven-headed hydra
  3026 | D:9      | Noticed a death knight
  3028 | D:9      | Noticed a troll
  3032 | D:9      | Noticed a two-headed ogre
  3036 | D:9      | Slain by a two-headed ogre

Levels and vault maps discovered:
D:1:      minmay_arrival_hallway, layout_basic
D:2:      layout_loops_ring, makhleb_grotto_becter, lemuel_altar_in_water
D:3:      layout_basic, serial_forest, infiniplex_forest_pool,
          infiniplex_forest_diagonal, infiniplex_forest_side_room,
          infiniplex_forest_clump_double, infiniplex_forest_clump_long
D:4:      layout_basic, first_ration
D:5:      layout_layer_cave, minmay_overflow_temple_star_quad, serial_shops,
          shop
D:6:      layout_loops_ring, kennysheep_slug_shrine, gammafunk_ghost_grave,
          minmay_shop_mass, uniq_prince_ribbit1
D:7:      layout_gridville, minmay_temple_entry_sparse_star
D:9:      layout_rooms, special_room [special_room_orc], minivault_28

Skill      XL: |  1  2  3  4  5  6  7 |
---------------+----------------------+-----
Stealth        | 2 4 |  4.0
Unarmed Combat | 1 2 3 4 6 8 |  8.1
Fighting       | |  1.0
Short Blades   | |  1.0
Dodging        | |  2.0
Evocations     | |  3.9

Action                   |  1- 3 |  4- 6 |  7- 9 || total
-------------------------+-------+-------+-------++-------
Melee: Short sword       |    11 |       |       ||    11
       Spear             |    23 |    56 |   135 ||   214
       Constrict         |     8 |    11 |    27 ||    46
       Tentacles         |     4 |     4 |    30 ||    38
       Punch             |       |     2 |     9 ||    11
Evoke: Wand              |       |    12 |     5 ||    17
  Use: Scroll            |       |     5 |     4 ||     9
 Stab: Sleeping          |     6 |     5 |    17 ||    28
  Eat: Chunk             |       |     1 |     5 ||     6
Armor: Skin              |     2 |       |     5 ||     7
Dodge: Dodged            |    18 |    18 |    61 ||    97

Table legend:
 A = Non-vault XP
 B = Vault XP
 C = Vault XP percentage of total XP
 D = Non-vault monster count
 E = Vault monster count
 F = Vault count percentage of total count
                 A         B        C        D         E       F
            +---------+---------+-------+---------+---------+-------
      Total |    1274 |       4 |   0.3 |     103 |       1 |   1.0
            +---------+---------+-------+---------+---------+-------
        D:1 |      37 |       0 |   0.0 |      18 |       0 |   0.0
        D:2 |      22 |       0 |   0.0 |      10 |       0 |   0.0
        D:3 |      48 |       0 |   0.0 |      16 |       0 |   0.0
        D:4 |     468 |       0 |   0.0 |      14 |       0 |   0.0
        D:5 |      78 |       0 |   0.0 |       9 |       0 |   0.0
        D:6 |     394 |       4 |   1.0 |      22 |       1 |   4.3
        D:7 |     185 |       0 |   0.0 |      12 |       0 |   0.0
        D:9 |      42 |       0 |   0.0 |       2 |       0 |   0.0
            +---------+---------+-------+---------+---------+-------
